[Event "Titled Tuesday Blitz October 25 Late 2022"]
[White "Kollars, Dmitrij"]
[Black "Rustemov, Alexander"]
[WhiteFideId "12909572"]
[BlackFideId "4119002"]
[WhiteElo "2584"]
[BlackElo "2792"]
[Result "1-0"]
[Round "04"]
[TimeControl "180+1"]
[Date "2022.10.26"]
[WhiteClock "0:00:03"]
[BlackClock "0:00:01"]

1. Nf3 d5 2. g3 Nf6 3. Bg2 c6 4. O-O Bf5 5. d3 e6 6. c4 dxc4 7. dxc4 Qxd1 8. Rxd1 Bc2 9. Rd2 Bg6 10. Ne5 Nbd7 11. Nxg6 hxg6 12. Nc3 Bb4 13. Rc2 a5 14. Bd2 Ke7 15. a3 Bxc3 16. Bxc3 Rhd8 17. b3 Nc5 18. Rb1 a4 19. b4 Nb3 20. Bf3 Rd7 21. Kf1 Rad8 22. Ke1 Nd4 23. Bxd4 Rxd4 24. h4 Nd7 25. e3 Rd3 26. Ra1 Ne5 27. Be2 Rb3 28. c5 Nd3+ 29. Kf1 f5 30. f4 e5 31. Rd2 e4 32. Bd1 Rb2 33. Rc2 Rb3 34. Ke2 Nb2 35. Rd2 Rxd2+ 36. Kxd2 Rd3+ 37. Ke2 Nxd1 38. Rxd1 Rxa3 39. Rd6 Rb3 40. Kd2 a3 41. Kc2 Rxb4 42. Rd1 Rb2+ 43. Kc3 Re2 44. Kd4 a2 45. Ra1 Ke6 46. Kc4 Kd7 47. Kd4 Kc7 48. Kc4 Rxe3 49. Rxa2 Rxg3 50. Kd4 Rg4 51. Ke5 Rxh4 52. Rg2 Rg4 53. Rh2 b5 54. Rh7 b4 55. Rxg7+ Kb8 56. Kd6 b3 57. Kxc6 b2 58. Rb7+ Kc8 59. Rxb2 Rxf4 60. Rh2 Kd8 61. Kd6 Ke8 62. c6 Rf1 63. Rh8+ Kf7 64. c7 Rd1+ 65. Ke5 Rc1 66. c8=Q Rxc8 67. Rxc8 Kg7 68. Kf4 Kh6 69. Rc7 e3 70. Re7 Kh5 71. Rh7# 1-0


[Site "https://www.chess.com"]

[Event "Titled Tuesday Blitz October 25 Late 2022"]
[White "Kopacz, Grzegorz"]
[Black "Timmermans, Mark"]
[WhiteFideId "1109880"]
[BlackFideId "1026399"]
[WhiteElo "2037"]
[BlackElo "2460"]
[Result "0-1"]
[Round "04"]
[TimeControl "180+1"]
[Date "2022.10.26"]
[WhiteClock "0:00:08"]
[BlackClock "0:00:29"]

1. c4 Nf6 2. Nc3 e5 3. g3 d5 4. cxd5 Nxd5 5. Bg2 Nb6 6. Nf3 Nc6 7. O-O Be7 8. d3 O-O 9. Be3 f5 10. a4 a5 11. Bxb6 cxb6 12. Nb5 Kh8 13. e3 Bf6 14. d4 e4 15. Nd2 Nb4 16. Nc4 Be6 17. b3 Rc8 18. Rc1 Be7 19. Qd2 Nd3 20. Rc2 Bb4 21. Qe2 Bd5 22. Rb1 g5 23. Qh5 g4 24. Qh6 Rc6 25. Qh5 Bf7 26. Qxf5 Bxc4 27. Qxe4 Bxb5 28. axb5 Rxc2 29. Qxd3 Rfxf2 30. Bf1 Qf8 31. Qe4 Bd6 32. Qxg4 Rg2+ 33. Bxg2 Qf2+ 34. Kh1 Qxg2# 0-1


[Site "https://www.chess.com"]

[Event "Titled Tuesday Blitz October 25 Late 2022"]
[White "Korobov, Anton"]
[Black "Pap, Gyula"]
[WhiteFideId "14105730"]
[BlackFideId "725323"]
[WhiteElo "3059"]
[BlackElo "2828"]
[Result "0-1"]
[Round "04"]
[TimeControl "180+1"]
[Date "2022.10.26"]
[WhiteClock "0:00:13"]
[BlackClock "0:00:03"]

1. d4 e6 2. c4 Bb4+ 3. Bd2 Bxd2+ 4. Qxd2 Nf6 5. Nc3 d5 6. e3 O-O 7. Nf3 Qe7 8. Rc1 dxc4 9. Bxc4 Rd8 10. Bd3 c5 11. dxc5 Na6 12. Rd1 Kf8 13. c6 Nb4 14. Qe2 Nxc6 15. O-O Bd7 16. e4 Be8 17. e5 Nd5 18. Qe4 g6 19. Nb5 Kg8 20. Rc1 a6 21. Nc3 Ncb4 22. Bb1 Bc6 23. Nd4 Nxc3 24. Nxc6 Nxc6 25. Rxc3 Rd2 26. Rb3 Rad8 27. g3 R8d4 28. Qe3 Rd1 29. Be4 R1d2 30. Rc1 Kg7 31. Kg2 h5 32. Bxc6 bxc6 33. Rxc6 Qd7 34. Rd6 Rxd6 35. exd6 Qxd6 36. Qc3+ Kh7 37. Qf6 Qd7 38. Rb8 Qd5+ 39. Kh3 Qf5+ 40. Qxf5 gxf5 41. f4 Kg7 42. a4 a5 43. b3 Rb2 44. Rb5 Kf6 45. Rxa5 Rxb3 46. Kh4 Rb2 47. h3 Rb3 48. Ra8 Ra3 49. a5 Kg7 50. a6 Kf6 51. a7 Kg7 52. Kxh5 Ra4 53. g4 Ra5 54. g5 Ra4 55. h4 Ra3 56. Rc8 Rxa7 57. Rc4 Ra5 58. Rb4 Ra7 59. Rb5 Ra8 60. Rb7 Rh8# 0-1


[Site "https://www.chess.com"]

[Event "Titled Tuesday Blitz October 25 Late 2022"]
[White "Koutlas, Nikolaos"]
[Black "Yurovskykh, Oleksandr"]
[WhiteFideId "25827138"]
[BlackFideId "14134020"]
[WhiteElo "2167"]
[BlackElo "2303"]
[Result "0-1"]
[Round "04"]
[TimeControl "180+1"]
[Date "2022.10.26"]
[WhiteClock "0:00:06"]
[BlackClock "0:00:17"]

1. c4 c6 2. b3 d5 3. Bb2 Bg4 4. h3 Bh5 5. cxd5 cxd5 6. g4 Bg6 7. Bg2 Nc6 8. Nf3 f6 9. d4 e6 10. O-O Bd6 11. Nh4 Bf7 12. e4 Nge7 13. Re1 O-O 14. Nc3 a6 15. exd5 exd5 16. Nf5 Nxf5 17. gxf5 Ne7 18. Qg4 Qd7 19. Re6 Bxe6 20. fxe6 Qc6 21. Rc1 Rac8 22. Qh5 g6 23. Qf3 Bb8 24. Nxd5 Qxe6 25. Rxc8 Nxc8 26. Ne3 Nd6 27. Qe2 Kg7 28. d5 Qd7 29. Qd3 Nf7 30. Qe4 Be5 31. Ba3 Re8 32. Ng4 Bh2+ 33. Nxh2 Rxe4 34. Bxe4 Nd6 35. Bg2 Nb5 36. Bb2 Nc7 37. Ng4 Nxd5 38. Bxd5 Qxd5 39. Bxf6+ Kf7 40. Bh4 Qd1+ 41. Kg2 Qc2 42. Bg3 Qxa2 43. b4 Qd5+ 44. Kh2 Qb5 45. Ne5+ Ke6 46. Nf3 Qxb4 47. Ng5+ Kf5 48. h4 Qe7 49. Nxh7 Qxh7 50. Kg2 Qd7 51. Kf3 Qc6+ 52. Ke2 b5 0-1


[Site "https://www.chess.com"]

[Event "Titled Tuesday Blitz October 25 Late 2022"]
[White "Kowalczyk, Pawel"]
[Black "Bogaudinov, Rushan"]
[WhiteFideId "1130641"]
[BlackFideId "4129288"]
[WhiteElo "2324"]
[BlackElo "1945"]
[Result "0-1"]
[Round "04"]
[TimeControl "180+1"]
[Date "2022.10.26"]
[WhiteClock "0:01:58"]
[BlackClock "0:00:26"]

1. e4 c5 2. Ne2 d5 3. exd5 Qxd5 4. Nbc3 Qd8 5. d4 cxd4 6. Nxd4 e6 7. Bf4 a6 8. Qd2 Nf6 9. O-O-O Bc5 10. h3 O-O 11. g4 Bxd4 12. Qxd4 Qxd4 13. Rxd4 Nc6 14. Rd1 e5 15. Be3 Be6 16. Bg2 Rfd8 17. Bb6 Rxd1+ 18. Rxd1 Rc8 19. a3 Nd7 20. Be3 Na5 21. Ne4 Nc4 22. Nd6 Nxd6 23. Rxd6 Rc7 24. Bb6 Rc4 25. Bxb7 h5 26. Bxa6 Nxb6 27. Rxb6 Rf4 28. gxh5 Rxf2 29. a4 e4 30. a5 Rh2 31. Bb5 e3 32. Bd3 Rh1+ 0-1


[Site "https://www.chess.com"]

[Event "Titled Tuesday Blitz October 25 Late 2022"]
[White "Krastev, Alexander"]
[Black "Sarkar, Justin"]
[WhiteFideId "12989983"]
[BlackFideId "2010011"]
[WhiteElo "2506"]
[BlackElo "2250"]
[Result "0-1"]
[Round "04"]
[TimeControl "180+1"]
[Date "2022.10.26"]
[WhiteClock "0:01:20"]
[BlackClock "0:01:42"]

1. e4 e5 2. Nc3 Bb4 3. a3 Bxc3 4. dxc3 d6 5. Qf3 Ne7 6. Ne2 O-O 7. Ng3 f5 8. exf5 Nxf5 9. Nxf5 Rxf5 10. Qd5+ Kh8 11. Bd3 e4 12. Qb3 exd3 13. cxd3 Qe7+ 14. Be3 Nc6 15. O-O Qf7 16. c4 b6 17. Rae1 Bb7 18. d4 Na5 19. Qc2 Nxc4 0-1


[Site "https://www.chess.com"]

[Event "Titled Tuesday Blitz October 25 Late 2022"]
[White "Lamaze, Simon"]
[Black "Goncalves, Davi Sulzbacher"]
[WhiteFideId "36069264"]
[BlackFideId "2154510"]
[WhiteElo "2272"]
[BlackElo "2182"]
[Result "1/2-1/2"]
[Round "04"]
[TimeControl "180+1"]
[Date "2022.10.26"]
[WhiteClock "0:00:18"]
[BlackClock "0:00:10"]

1. d4 Nf6 2. c4 e6 3. g3 d5 4. Nf3 Bb4+ 5. Bd2 Be7 6. Bg2 c6 7. Qc2 O-O 8. h4 Nbd7 9. Nc3 b6 10. e4 dxe4 11. Ng5 Bb7 12. Ngxe4 e5 13. Nxf6+ Bxf6 14. d5 cxd5 15. cxd5 e4 16. O-O Bxc3 17. Bxc3 f5 18. Rad1 Rc8 19. f3 Qc7 20. Qf2 e3 21. Qxe3 Qxg3 22. Qg5 Qxg5 23. hxg5 f4 24. Bh3 Rcd8 25. Rfe1 Nc5 26. Re5 Rd6 27. Kf2 Rfd8 28. Re7 Rxd5 29. Rxg7+ Kf8 30. Rxd5 Rxd5 31. Rxh7 Rxg5 32. b4 Nd3+ 33. Ke2 Ba6 34. Rxa7 Bc4 35. Kd2 Rh5 36. Ra8+ Kf7 37. Rh8 Rxh8 38. Bxh8 Nf2 39. Bf5 Bxa2 40. Bd4 Nh1 41. Bxb6 Bd5 42. Bg4 Ng3 43. Bc7 Nf1+ 44. Kd3 Nh2 45. Bxf4 Nxf3 46. Bd7 Ke7 47. Ba4 Kf6 48. Bc7 Ke7 49. Bd1 Kd7 50. Bf4 Kc6 51. Ke3 Nh4 52. Bc2 Ng2+ 53. Kd4 Nxf4 54. Be4 Ne6+ 55. Ke5 Bxe4 56. Kxe4 Kb5 57. Ke5 Kxb4 1/2-1/2


[Site "https://www.chess.com"]

[Event "Titled Tuesday Blitz October 25 Late 2022"]
[White "Leenhouts, Koen"]
[Black "Al Hosani, Omran"]
[WhiteFideId "1008439"]
[BlackFideId "9308733"]
[WhiteElo "2409"]
[BlackElo "2167"]
[Result "1-0"]
[Round "04"]
[TimeControl "180+1"]
[Date "2022.10.26"]
[WhiteClock "0:00:05"]
[BlackClock "0:00:03"]

1. d4 Nf6 2. c4 e6 3. Nc3 d5 4. Nf3 Be7 5. Bg5 O-O 6. e3 c6 7. Bd3 Nbd7 8. O-O dxc4 9. Bxc4 b5 10. Bb3 Bb7 11. a3 a6 12. Qe2 c5 13. Rfd1 Qb6 14. Bc2 Rfd8 15. Rac1 Rac8 16. h3 cxd4 17. exd4 h6 18. Bh4 Kh8 19. d5 Rxc3 20. bxc3 Bxd5 21. Ra1 Rc8 22. Ne5 Nxe5 23. Qxe5 Qb7 24. Qg3 Nh5 25. Qd3 f5 26. Bxe7 Qxe7 27. Qe3 Qf6 28. Rd4 g5 29. a4 Nf4 30. axb5 Nxg2 31. Qd2 Nf4 32. bxa6 Nxh3+ 33. Kf1 Qe5 34. Rxd5 Qh2 35. Qd4+ Kg8 36. Rd8+ Rxd8 37. Qxd8+ Kg7 38. Qd4+ Kg6 39. a7 Qg1+ 40. Ke2 Qxa1 41. Bb3 Nf4+ 42. Kd2 Qb2+ 43. Bc2 Qa2 44. Qd7 Qa6 45. Qe8+ Kf6 46. a8=Q Qe2+ 47. Kc1 Qe1+ 48. Kb2 g4 49. Qh8+ Kg5 50. Qag8+ Ng6 51. Qd8+ Kh5 52. Qhd4 1-0


[Site "https://www.chess.com"]

[Event "Titled Tuesday Blitz October 25 Late 2022"]
[White "Levine, David"]
[Black "Pham, Khoi"]
[WhiteFideId "2011611"]
[BlackFideId "1054988"]
[WhiteElo "2231"]
[BlackElo "2458"]
[Result "0-1"]
[Round "04"]
[TimeControl "180+1"]
[Date "2022.10.26"]
[WhiteClock "0:00:02"]
[BlackClock "0:01:13"]

1. d4 f5 2. g3 Nf6 3. Bg2 g6 4. c4 Bg7 5. Nf3 O-O 6. O-O d6 7. Nc3 Qe8 8. Qb3 Kh8 9. Re1 e5 10. e4 fxe4 11. Nxe4 Nxe4 12. Rxe4 Bf5 13. Re1 Nc6 14. dxe5 dxe5 15. Be3 b6 16. Ng5 Rd8 17. Rad1 Na5 18. Qc3 e4 19. Qc1 Rxd1 20. Rxd1 Bg4 21. Rd4 Bf3 22. Rxe4 Bxe4 23. Nxe4 Nc6 24. h4 Ne5 25. Qd2 Nxc4 26. Qe2 Nxe3 27. Qxe3 Qe5 28. Bf3 Qxb2 29. Kg2 Qxa2 30. h5 Qe6 31. hxg6 Qxg6 32. Qc1 c5 33. Qa3 c4 34. Qxa7 c3 35. Qc7 Qf5 0-1


[Site "https://www.chess.com"]

[Event "Titled Tuesday Blitz October 25 Late 2022"]
[White "Lewicki, Miroslaw"]
[Black "Almedina Ortiz, Edgardo J."]
[WhiteFideId "1113380"]
[BlackFideId "3100197"]
[WhiteElo "2236"]
[BlackElo "2217"]
[Result "1-0"]
[Round "04"]
[TimeControl "180+1"]
[Date "2022.10.26"]
[WhiteClock "0:01:33"]
[BlackClock "0:00:03"]

1. g3 Nf6 2. Bg2 d5 3. Nf3 c6 4. O-O Bf5 5. c4 h6 6. cxd5 cxd5 7. Nc3 e6 8. d3 Be7 9. e4 Bh7 10. exd5 Nxd5 11. Nxd5 Qxd5 12. Bf4 Qxd3 13. Ne5 Qa6 14. Qf3 Nd7 15. Qxb7 Qxb7 16. Bxb7 Nxe5 17. Bxa8 Nd3 18. Bc6+ Kd8 19. Rfd1 Kc8 20. Be3 1-0


[Site "https://www.chess.com"]

[Event "Titled Tuesday Blitz October 25 Late 2022"]
[White "Ljukin, Sergei"]
[Black "Czernek, Tymon"]
[WhiteFideId "14102200"]
[BlackFideId "1199510"]
[WhiteElo "2312"]
[BlackElo "2240"]
[Result "0-1"]
[Round "04"]
[TimeControl "180+1"]
[Date "2022.10.26"]
[WhiteClock "0:00:02"]
[BlackClock "0:01:09"]

1. e4 c5 2. Nf3 d6 3. d4 cxd4 4. Nxd4 Nf6 5. Nc3 a6 6. Bg5 e6 7. f4 h6 8. Bh4 Qb6 9. a3 Be7 10. Bf2 Qc7 11. Qe2 Nbd7 12. O-O-O b5 13. g4 Bb7 14. Bg2 Rc8 15. h4 h5 16. g5 Ng4 17. Bg1 Nb6 18. g6 Nc4 19. gxf7+ Kxf7 20. Rh3 Bf6 21. f5 exf5 22. exf5 Rhe8 23. Ne6 Nxb2 24. Bxb7 Qxb7 25. Kxb2 b4 26. Ka2 bxc3 27. Rb1 Qd5+ 28. Rb3 Qxf5 29. Nxg7 Kxg7 30. Qg2 Rb8 0-1


[Site "https://www.chess.com"]

[Event "Titled Tuesday Blitz October 25 Late 2022"]
[White "Lymar, Vladislav"]
[Black "Kravtsiv, Martyn"]
[WhiteFideId "14162180"]
[BlackFideId "14113147"]
[WhiteElo "2094"]
[BlackElo "2694"]
[Result "0-1"]
[Round "04"]
[TimeControl "180+1"]
[Date "2022.10.26"]
[WhiteClock "0:00:46"]
[BlackClock "0:01:57"]

1. e4 e5 2. Nf3 Nc6 3. Nc3 Nf6 4. a3 Be7 5. d4 d6 6. d5 Nb8 7. Bc4 O-O 8. h3 h6 9. O-O Nh7 10. a4 f5 11. exf5 Bxf5 12. Nxe5 dxe5 13. d6+ Kh8 14. dxe7 Qxe7 15. Re1 Nc6 16. Nd5 Qh4 17. Bb3 Rad8 18. Qe2 Bxh3 19. Qe4 Qxf2+ 20. Kh2 Bxg2 21. Qe3 Bxd5+ 0-1


[Site "https://www.chess.com"]

[Event "Titled Tuesday Blitz October 25 Late 2022"]
[White "Machidon, Cristi"]
[Black "Rios Escobar, Adan"]
[WhiteFideId "13904590"]
[BlackFideId "3403645"]
[WhiteElo "2312"]
[BlackElo "2365"]
[Result "1-0"]
[Round "04"]
[TimeControl "180+1"]
[Date "2022.10.26"]
[WhiteClock "0:00:41"]
[BlackClock "0:00:01"]

1. d4 Nf6 2. c4 g6 3. Nc3 Bg7 4. e4 d6 5. Be2 O-O 6. Bg5 Na6 7. f4 h6 8. Bh4 c5 9. d5 Qa5 10. Bf3 Nh5 11. Ne2 Nxf4 12. Nxf4 g5 13. Bf2 Bxc3+ 14. bxc3 Qxc3+ 15. Kf1 gxf4 16. Rc1 Qg7 17. Qd2 Nb4 18. a3 Na6 19. g3 fxg3 20. hxg3 f5 21. e5 dxe5 22. Rxh6 f4 23. Rh5 Bg4 24. Bxg4 Qxg4 25. Rxe5 Rf7 26. Rce1 Raf8 27. Kg2 fxg3 28. Rg5+ Rg7 29. Rxg4 1-0


[Site "https://www.chess.com"]

[Event "Titled Tuesday Blitz October 25 Late 2022"]
[White "Maksimovic, Bojan"]
[Black "Makarian, Rudik"]
[WhiteFideId "14408120"]
[BlackFideId "44105681"]
[WhiteElo "2447"]
[BlackElo "2405"]
[Result "1-0"]
[Round "04"]
[TimeControl "180+1"]
[Date "2022.10.26"]
[WhiteClock "0:00:15"]
[BlackClock "0:00:10"]

1. e4 c5 2. Nf3 e6 3. d4 cxd4 4. Nxd4 Nc6 5. Nc3 Qc7 6. Be3 a6 7. Qf3 b5 8. Qg3 Bd6 9. f4 Nxd4 10. Bxd4 Ne7 11. e5 Bc5 12. Bxc5 Qxc5 13. Bd3 Bb7 14. O-O-O O-O 15. Ne4 Bxe4 16. Bxe4 Ra7 17. Rd3 Rc7 18. Rc3 Qb6 19. Rxc7 Qxc7 20. Rd1 h6 21. Qd3 Qa7 22. Qd4 Qxd4 23. Rxd4 Rd8 24. Rd6 a5 25. Ra6 a4 26. Rb6 g5 27. g3 Kg7 28. Rxb5 d5 29. Bd3 gxf4 30. gxf4 Ng6 31. Rb4 a3 32. bxa3 d4 33. Bxg6 Kxg6 34. Kd2 Kf5 35. Kd3 Ra8 36. a4 Kxf4 37. Kxd4 Rd8+ 38. Kc5+ Kxe5 39. a5 Rc8+ 40. Kb6 Rxc2 41. a4 Kd6 42. a6 Rc6+ 43. Kb7 Rc7+ 44. Kb8 f5 45. a7 Rxa7 46. Kxa7 e5 47. a5 e4 48. a6 e3 49. Kb7 e2 50. Rb1 f4 51. a7 f3 52. a8=Q f2 53. Qd8+ Kc5 54. Qe7+ 1-0


[Site "https://www.chess.com"]

[Event "Titled Tuesday Blitz October 25 Late 2022"]
[White "Malka, Samuel"]
[Black "Jimenez Fernandez, Rebeca"]
[WhiteFideId "20643675"]
[BlackFideId "32070934"]
[WhiteElo "2450"]
[BlackElo "1946"]
[Result "1-0"]
[Round "04"]
[TimeControl "180+1"]
[Date "2022.10.26"]
[WhiteClock "0:00:43"]
[BlackClock "0:00:02"]

1. d4 d5 2. c4 c6 3. Nf3 Nf6 4. Nc3 e6 5. Qd3 dxc4 6. Qxc4 b5 7. Qd3 a6 8. g4 c5 9. g5 Nd5 10. dxc5 Nb4 11. Qb1 Bxc5 12. a3 Nd5 13. Ne4 Bb6 14. Bg2 Bb7 15. O-O O-O 16. Rd1 Qe7 17. b3 Nd7 18. Bb2 Nc5 19. Nxc5 Bxc5 20. b4 Bb6 21. Be5 f6 22. gxf6 gxf6 23. Bg3 f5 24. Qb2 Rf7 25. Be5 Bc7 26. Kh1 Bxe5 27. Nxe5 Rg7 28. Rg1 Nf4 29. Bxb7 Qxb7+ 30. f3 Nh3 31. Rg2 Rxg2 32. Kxg2 Nf4+ 33. Kh1 Kf8 34. Rd1 Re8 35. Nd7+ Ke7 36. Qf6# 1-0


[Site "https://www.chess.com"]

[Event "Titled Tuesday Blitz October 25 Late 2022"]
[White "Manukian, Artak"]
[Black "Romero Ruscalleda, Josep"]
[WhiteFideId "13301373"]
[BlackFideId "2231859"]
[WhiteElo "2489"]
[BlackElo "2342"]
[Result "1-0"]
[Round "04"]
[TimeControl "180+1"]
[Date "2022.10.26"]
[WhiteClock "0:00:19"]
[BlackClock "0:00:08"]

1. e4 g6 2. d4 Bg7 3. c4 d6 4. Nc3 e5 5. d5 Ne7 6. g4 O-O 7. Bd3 f5 8. gxf5 gxf5 9. Nge2 f4 10. Kd2 Na6 11. Rg1 Kh8 12. a3 Ng6 13. Kc2 Qh4 14. f3 Nc5 15. Bd2 Bh3 16. Be1 Qh5 17. Nc1 Nxd3 18. Nxd3 Bf6 19. Bf2 a6 20. b4 Bh4 21. Kb3 Rg8 22. Ra2 Rg7 23. c5 Rag8 24. b5 axb5 25. Nxb5 Bxf2 26. Rxf2 Bd7 27. Nxc7 dxc5 28. Nxc5 Ne7 29. Rxg7 Rxg7 30. Nxd7 Nc8 31. Nxe5 Qxe5 32. Ne6 Rd7 33. Rg2 h6 34. Nf8 Rd6 35. Ng6+ Rxg6 36. Rxg6 Qe8 37. Qd4+ Kh7 38. Qg7# 1-0


[Site "https://www.chess.com"]

[Event "Titled Tuesday Blitz October 25 Late 2022"]
[White "Manukyan, Artyom"]
[Black "Javakhadze, Zurab"]
[WhiteFideId "13305786"]
[BlackFideId "13603647"]
[WhiteElo "2078"]
[BlackElo "2381"]
[Result "0-1"]
[Round "04"]
[TimeControl "180+1"]
[Date "2022.10.26"]
[WhiteClock "0:00:02"]
[BlackClock "0:00:19"]

1. e4 e5 2. Nf3 Nc6 3. d4 exd4 4. Nxd4 Nf6 5. Nc3 Bb4 6. Nxc6 bxc6 7. Bd3 d5 8. exd5 O-O 9. O-O cxd5 10. Bg5 c6 11. Qf3 Be7 12. h3 Re8 13. Rae1 Be6 14. Ne2 c5 15. Nf4 c4 16. Nxe6 fxe6 17. Be2 Ne4 18. Be3 Rc8 19. Rd1 Bg5 20. c3 Bxe3 21. Qxe3 Qb6 22. Qxb6 axb6 23. Bf3 Nc5 24. Rfe1 Kf7 25. Bg4 Ra8 26. a3 g6 27. Re3 h5 28. Be2 Na4 29. Rd2 Ra5 30. g4 h4 31. Bd1 Nc5 32. Rf3+ Ke7 33. Bc2 g5 34. Re2 Rf8 35. Rxf8 Kxf8 36. Re5 Rb5 37. Rxg5 Rxb2 38. Bg6 Rb3 39. Re5 Rxc3 40. Kg2 Rxa3 41. g5 c3 42. Bh7 Kg7 43. Bb1 Rb3 44. Bc2 Rb2 45. Bd1 c2 0-1


[Site "https://www.chess.com"]

[Event "Titled Tuesday Blitz October 25 Late 2022"]
[White "Marcolino, Daniel Mattos"]
[Black "Mazurkiewicz, Michal"]
[WhiteFideId "2106841"]
[BlackFideId "1124943"]
[WhiteElo "2091"]
[BlackElo "2063"]
[Result "0-1"]
[Round "04"]
[TimeControl "180+1"]
[Date "2022.10.26"]
[WhiteClock "0:00:16"]
[BlackClock "0:00:23"]

1. d4 Nf6 2. Nf3 g6 3. g3 Bg7 4. Bg2 O-O 5. O-O d6 6. b3 c5 7. Bb2 cxd4 8. Nxd4 Qa5 9. Nd2 Qh5 10. N2f3 Bh3 11. c4 Ng4 12. Qd2 Nd7 13. e4 Nde5 14. Nxe5 Nxe5 15. Bxh3 Qxh3 16. f4 Ng4 17. Nf3 Bxb2 18. Qxb2 Qh5 19. Rad1 Ne3 20. Rd5 Nxd5 21. exd5 a5 22. Ng5 a4 23. Re1 a3 24. Qc3 h6 25. Ne4 Qf5 26. Nd2 b5 27. Nf3 bxc4 28. bxc4 Rfb8 29. Nd4 Qh3 30. Nc6 Rb2 31. Nxe7+ Kh7 32. Qf3 Qxh2+ 33. Kf1 Re8 0-1


[Site "https://www.chess.com"]

[Event "Titled Tuesday Blitz October 25 Late 2022"]
[White "Martinez Alcantara, Jose Eduardo"]
[Black "Baskakov, Egor"]
[WhiteFideId "3805662"]
[BlackFideId "24197866"]
[WhiteElo "2703"]
[BlackElo "2211"]
[Result "1-0"]
[Round "04"]
[TimeControl "180+1"]
[Date "2022.10.26"]
[WhiteClock "0:01:16"]
[BlackClock "0:01:18"]

1. e4 c5 2. Nf3 Nf6 3. e5 Nd5 4. g3 Nc6 5. Bg2 g6 6. Nc3 Nxc3 7. dxc3 Bg7 8. Bf4 Qb6 9. Rb1 O-O 10. O-O d6 11. exd6 exd6 12. Qxd6 Bf5 13. Qd2 Rad8 14. Qc1 Rfe8 15. Be3 Qb5 16. Re1 b6 17. Nh4 Be4 18. Bg5 Bxg2 19. Bxd8 Be4 20. Bc7 f5 21. f3 Rc8 22. fxe4 Rxc7 23. exf5 Ne5 24. Qf4 c4 25. f6 Qc5+ 26. Kg2 Qc6+ 27. Nf3 Bxf6 28. Rxe5 1-0


[Site "https://www.chess.com"]

[Event "Titled Tuesday Blitz October 25 Late 2022"]
[White "Melikhov, Evgeny V."]
[Black "Pinheiro, Iung Alicio de O."]
[WhiteFideId "4122046"]
[BlackFideId "2104350"]
[WhiteElo "2169"]
[BlackElo "2283"]
[Result "0-1"]
[Round "04"]
[TimeControl "180+1"]
[Date "2022.10.26"]
[WhiteClock "0:00:33"]
[BlackClock "0:01:15"]

1. d4 Nf6 2. c4 g6 3. Nc3 Bg7 4. e4 d6 5. f3 Nbd7 6. Be3 a6 7. Nge2 c5 8. d5 O-O 9. Ng3 b5 10. Qd2 Qa5 11. cxb5 Nb6 12. Be2 axb5 13. O-O b4 14. Nb1 Ba6 15. a4 Bxe2 16. Qxe2 Nfd7 17. Ra2 Rfe8 18. b3 e6 19. dxe6 Rxe6 20. Nd2 d5 21. exd5 Nxd5 22. Nge4 Nxe3 23. Re1 Nf5 24. Nc4 Qa6 25. Kh1 Rae8 26. Qd3 Nd4 27. Rd1 f5 28. Ng3 Re1+ 29. Nf1 Rxd1 30. Qxd1 Qe6 31. Rd2 Ne5 32. Nfe3 Nxc4 33. Nxc4 Qe1+ 0-1


[Site "https://www.chess.com"]

[Event "Titled Tuesday Blitz October 25 Late 2022"]
[White "Mendez Fortes, Eduardo Jesus"]
[Black "Fajdetic, Hrvoje"]
[WhiteFideId "3502376"]
[BlackFideId "14501945"]
[WhiteElo "2307"]
[BlackElo "2172"]
[Result "1-0"]
[Round "04"]
[TimeControl "180+1"]
[Date "2022.10.26"]
[WhiteClock "0:00:31"]
[BlackClock "0:00:01"]

1. e4 c5 2. Nf3 a6 3. c4 Nc6 4. Nc3 g6 5. d4 cxd4 6. Nxd4 Bg7 7. Be3 d6 8. Be2 Nf6 9. O-O O-O 10. Qd2 Nxd4 11. Bxd4 Be6 12. b3 Nd7 13. Be3 Qa5 14. Rac1 f5 15. exf5 Bxf5 16. Rfd1 Ne5 17. h3 Rad8 18. f4 Nc6 19. Bf3 Kh8 20. Nd5 Qxd2 21. Rxd2 e6 22. Nb6 e5 23. Rcd1 exf4 24. Bxf4 Ne5 25. Bd5 Rfe8 26. Bg5 Rb8 27. Rf2 h6 28. Bd2 Nd3 29. Rff1 Bd4+ 30. Kh2 Bxb6 31. Bxh6 Ne5 32. Rde1 Be6 33. Be4 Kh7 34. Bg5 Bc7 35. Bf4 Rf8 36. g3 Rf7 37. Kg2 Rbf8 38. Bxb7 Ba5 39. Rd1 Rxb7 40. Bxe5 dxe5 41. Rxf8 1-0


[Site "https://www.chess.com"]

[Event "Titled Tuesday Blitz October 25 Late 2022"]
[White "Mikhalsky, Vladimir"]
[Black "Barria Zuniga, Daniel"]
[WhiteFideId "14144352"]
[BlackFideId "3400816"]
[WhiteElo "2271"]
[BlackElo "2414"]
[Result "0-1"]
[Round "04"]
[TimeControl "180+1"]
[Date "2022.10.26"]
[WhiteClock "0:00:17"]
[BlackClock "0:00:44"]

1. d4 g6 2. e4 Bg7 3. c4 c5 4. d5 d6 5. Nc3 e6 6. Bd3 exd5 7. cxd5 a6 8. a4 Ne7 9. h3 O-O 10. Nf3 f5 11. O-O f4 12. Ng5 h6 13. Ne6 Bxe6 14. dxe6 Nbc6 15. Nd5 g5 16. Bb1 Ne5 17. h4 f3 18. hxg5 Nxd5 19. Qxd5 Kh8 20. gxh6 Rg8 21. hxg7+ Rxg7 22. g3 Qh4 23. Qd2 Rg6 24. e7 Qh3 0-1


[Site "https://www.chess.com"]

[Event "Titled Tuesday Blitz October 25 Late 2022"]
[White "Mirimanian, Hayk"]
[Black "Thiel, Thomas"]
[WhiteFideId "4700180"]
[BlackFideId "4615964"]
[WhiteElo "2280"]
[BlackElo "2236"]
[Result "1-0"]
[Round "04"]
[TimeControl "180+1"]
[Date "2022.10.26"]
[WhiteClock "0:01:33"]
[BlackClock "0:02:18"]

1. d4 Nf6 2. Nf3 g6 3. g3 Bg7 4. c4 c6 5. Bg2 O-O 6. O-O d5 7. Nbd2 Bf5 8. b3 Ne4 9. Bb2 dxc4 10. bxc4 c5 11. Nh4 Nxd2 12. Qxd2 Nc6 13. Nxf5 gxf5 14. d5 Nd4 15. e3 1-0


[Site "https://www.chess.com"]

[Event "Titled Tuesday Blitz October 25 Late 2022"]
[White "Miszler, Levente"]
[Black "Gardezi, Arsal"]
[WhiteFideId "763276"]
[BlackFideId "30949521"]
[WhiteElo "2176"]
[BlackElo "1906"]
[Result "1-0"]
[Round "04"]
[TimeControl "180+1"]
[Date "2022.10.26"]
[WhiteClock "0:02:03"]
[BlackClock "0:01:21"]

1. c4 Nf6 2. Nc3 e5 3. g3 Nc6 4. Bg2 Bb4 5. Nd5 Bc5 6. e3 O-O 7. Ne2 Nxd5 8. cxd5 Nb4 9. O-O d6 10. d4 exd4 11. Nxd4 Bxd4 12. exd4 Bf5 13. Bd2 Nc2 14. Rc1 Nxd4 15. Ba5 Qf6 16. Bc3 Rfe8 17. Qxd4 Qg6 18. Rfe1 f6 19. Rxe8+ Rxe8 20. Qxa7 Be4 21. Bxe4 Qxe4 22. Re1 1-0


[Site "https://www.chess.com"]

[Event "Titled Tuesday Blitz October 25 Late 2022"]
[White "Moaataz, Ayah"]
[Black "Harish, Neeraj"]
[WhiteFideId "10615873"]
[BlackFideId "30958130"]
[WhiteElo "1993"]
[BlackElo "1815"]
[Result "1-0"]
[Round "04"]
[TimeControl "180+1"]
[Date "2022.10.26"]
[WhiteClock "0:02:05"]
[BlackClock "0:01:32"]

1. c4 e6 2. g3 d5 3. Bg2 Nf6 4. Nf3 Be7 5. O-O O-O 6. d4 dxc4 7. Ne5 Nc6 8. Bxc6 bxc6 9. Nxc6 Qe8 10. Nxe7+ Qxe7 11. b3 cxb3 12. axb3 Rd8 13. e3 e5 14. Ba3 Qe8 15. Bc5 Bh3 16. Re1 Qc6 17. f3 a6 18. Nd2 exd4 19. exd4 Nd5 20. Ne4 Be6 21. Qc2 Rab8 22. Ng5 Nb4 23. Qxh7# 1-0


[Site "https://www.chess.com"]